AoeStats
← 台北順起來

Arena

511022520Analyzed
3v3 RM · 7h ago on Oct 3, 2026· 46m 48s· 6 players
Game mode
Random Map
Map size
Normal (6 player)
Population
200
Speed
Normal
Resources
Standard
Victory
Conquest
Starting age
Dark Age
Ending age
Imperial Age
RankedLock teamsTeams togetherTeam positionsShared explorationLock speedFull tech treeHidden civsTurbo modeCheats
Victory
Defeat
🇹🇼 Persians · Taiwan
1071
+16
🇹🇼 Saxons · Taiwan
1064
+17
🇹🇼 Varangians · Taiwan
1034
+18
🇨🇳 Inca · China
1079
-17
1073
-17
🇪🇸 Celts · Spain
1073
-17
Chexco9004
10:51 Feudal Age
12:10 Loom
18:48 Castle Age
17:29 Double-Bit Axe
18:00 Horse Collar
18:15 Gold Mining
30:22 Imperial Age
28:47 Heavy Plow
31:33 Scale Mail Armor
31:44 Forging
31:52 Masonry
34:42 Heavy Scorpion
36:26 Wheelbarrow
36:27 Bow Saw
37:45 Conscription
39:39 Ballistics
44:47 Chemistry
南暮
3:59 Loom
9:22 Feudal Age
13:40 Champi Runner
15:05 Double-Bit Axe
18:08 Castle Age
16:51 Arson
17:24 Horse Collar
17:59 Stone Mining
19:23 Fletching
24:13 Squires
25:16 Heavy Plow
25:11 Champi Warrior
26:05 Forging
27:59 Town Watch
32:59 Imperial Age
31:57 Andean Sling
31:53 Gold Mining
32:58 Bodkin Arrow
33:05 Scale Mail Armor
34:17 Conscription
34:48 Wheelbarrow
35:16 Conscription
35:15 Elite Champi Warrior
37:37 Elite Kamayuk
40:29 Bow Saw
39:56 Elite Kamayuk
42:46 Iron Casting
43:43 Crop Rotation
43:42 Treadmill Crane
44:16 Fortified Wall
45:14 Blast Furnace
47:16 Hand Cart
别开枪自己人
4:45 Loom
11:00 Feudal Age
14:54 Castle Age
13:53 Double-Bit Axe
15:43 Loom
17:18 Bow Saw
21:59 Wheelbarrow
22:23 Town Watch
23:33 Horse Collar
29:05 Imperial Age
26:38 Gold Mining
26:54 Heavy Plow
26:46 Stone Mining
29:05 Gold Shaft Mining
29:03 Hand Cart
28:52 Town Patrol
29:36 Scale Barding Armor
29:24 Heavy Camel Rider
30:50 Chain Barding Armor
30:49 Caravan
31:22 Bloodlines
31:12 Husbandry
32:07 Plate Barding Armor
31:48 Imperial Camel Rider
33:30 Forging
33:57 Conscription
39:32 Iron Casting
41:23 Blast Furnace
41:43 Chemistry
41:56 Thumb Ring
42:13 Ballistics
42:16 Pikeman
Player Disconnected.
0:31 Loom
9:54 Feudal Age
16:08 Castle Age
14:33 Double-Bit Axe
18:22 Arson
23:15 Squires
23:50 Town Watch
31:45 Imperial Age
30:04 Fletching
31:36 Wheelbarrow
31:08 Scale Mail Armor
33:17 Conscription
33:58 Bloodlines
34:19 Siege Engineers
34:28 Forging
36:57 Conscription
36:48 Gold Mining
37:17 Husbandry
38:25 Gambesons
40:07 Elite Varangian Guard
41:38 Gothikon
43:59 Bodkin Arrow
45:57 Iron Casting
45:37 Chain Mail Armor
47:57 Chemistry
47:18 Ballistics
台北順起來
7:25 Loom
9:49 Feudal Age
10:33 Double-Bit Axe
11:42 Man-at-Arms
12:41 Horse Collar
13:31 Fletching
22:24 Castle Age
20:55 Stone Mining
21:07 Gold Mining
23:57 Wheelbarrow
23:54 Bow Saw
23:46 Heavy Plow
24:39 Gold Shaft Mining
26:40 Gambesons
26:57 Squires
26:48 Pikeman
27:50 Arson
34:52 Bloodlines
34:03 Light Cavalry
35:01 Forging
34:57 Scale Barding Armor
38:38 Imperial Age
38:59 Hand Cart
39:34 Scale Mail Armor
39:47 Halberdier
40:49 Fortified Wall
41:40 Chemistry
41:51 Two-Man Saw
41:03 Onager
41:53 Husbandry
42:04 Bodkin Arrow
42:45 Iron Casting
42:30 Chain Barding Armor
43:49 Crop Rotation
43:58 Masonry
44:11 Elite Varangian Guard
45:06 Hussar
46:15 Capped Ram
sky2551230
8:33 Loom
10:19 Feudal Age
14:44 Castle Age
12:49 Double-Bit Axe
14:34 Horse Collar
23:08 Wheelbarrow
23:34 Bow Saw
24:33 Hand Cart
26:02 Gold Mining
26:05 Stone Mining
28:46 Gold Shaft Mining
28:18 Scale Barding Armor
28:24 Forging
28:23 Husbandry
28:33 Bloodlines
28:45 Forging
29:38 Chain Barding Armor
32:44 Imperial Age
31:26 Iron Casting
31:06 Town Watch
32:42 Devotion
34:03 Blast Furnace
33:41 Plate Barding Armor
33:29 Conscription
32:30 Elite War Elephant
34:12 Town Patrol
38:09 Fletching
38:21 Padded Archer Armor
Connection lost

Rejoining the realm…

Still unreachable

The connection could not be restored.

Session expired

The server has moved on; the page needs a fresh start.